 Dungeon Crawl Stone Soup version 0.21.0-3-g78d12a8 (webtiles) character file.

28300 Inkary the Fencer (level 13, -6/183 HPs)
             Began as a Minotaur Berserker on Jan 12, 2018.
             Was a High Priest of Trog.
             Splashed by an oklob plant's acid (16 damage)
             ... on level 4 of the Lair of Beasts.
             The game lasted 00:32:53 (12906 turns).

Inkary the Fencer (Minotaur Berserker)             Turns: 12906, Time: 00:32:54

Health: -6/183     AC: -8    Str: 30    XL:     13   Next: 9%
Magic:  12/12      EV: 21    Int:  6    God:    Trog [*****.]
Gold:   241        SH:  0    Dex: 17    Spells: 12/12 levels left

rFire    . . .     SeeInvis +   L - +6 triple sword "Bome" {freeze, +Inv Str+2 Int+2 SInv}
rCold    . . .     Gourm    .   (shield currently unavailable)
rNeg     . . .     Faith    .   R - +0 troll leather armour of the Imp {rPois Regen+}
rPois    +         Spirit   .   (helmet restricted)
rElec    .         Reflect  .   (no cloak)
rCorr    .         Harm     .   o - +0 pair of gloves
MR       ++...                  l - +2 pair of boots {Fly}
Stlth    ..........             (no amulet)
HPRegen  1.80/turn              O - +5 ring of slaying
MPRegen  0.13/turn              m - +3 ring of dexterity

@: berserking (expiring), corroded, flying, regenerating, very quick
A: retaliatory headbutt, horns 2
a: Berserk, Trog's Hand, Brothers in Arms, Burn Spellbooks, Renounce Religion,
Evoke Invisibility, Stop Flying


You were on level 4 of the Lair of Beasts.
You worshipped Trog.
Trog was extremely pleased with you.
You were very hungry.

You visited 3 branches of the dungeon, and saw 16 of its levels.
You also visited: Labyrinth, Ossuary and Volcano.

You collected 970 gold pieces.
You spent 729 gold pieces at shops.

Inventory:

Hand Weapons
 w - a +4 falchion of holy wrath
 K - a +2 great sword of flaming
 L - the +6 triple sword "Bome" (weapon) {freeze, +Inv Str+2 Int+2 SInv}
   (Trog gifted it to you on level 9 of the Dungeon)

   It has been specially enchanted to freeze those struck by it, causing extra
   injury to most foes and up to half again as much damage against particularly
   susceptible opponents.
   It can also slow down cold-blooded creatures.
   It affects your strength (+2).
   It affects your intelligence (+2).
   It lets you see invisible.
   It lets you turn invisible.
Missiles
 p - 4 throwing nets (quivered)
Armour
 l - a +2 pair of boots of flying (worn)
 o - a +0 pair of gloves (worn)
 F - a +2 chain mail of fire resistance
 M - a +0 shield
 R - the +0 troll leather armour of the Imp (worn) {rPois Regen+}
   (You bought it in a shop on level 10 of the Dungeon)

   It protects you from poison.
   It increases your rate of regeneration.
Jewellery
 d - an uncursed amulet of rage
 j - an uncursed ring of see invisible
 m - a +3 ring of dexterity (right hand)
 r - an uncursed ring of resist corrosion
 O - a +5 ring of slaying (left hand)
Wands
 s - a wand of paralysis (18)
 H - a wand of iceblast (8)
 J - a wand of digging (18)
 U - a wand of scattershot (4)
 W - a wand of disintegration (18)
Scrolls
 f - 3 scrolls of remove curse
 i - 3 scrolls of fear
 k - 10 scrolls of teleportation
 t - a scroll of magic mapping
 u - 3 scrolls of blinking {unknown}
 y - a scroll of identify
 C - a scroll of vulnerability {unknown}
 D - 4 scrolls of enchant weapon {unknown}
 E - 2 scrolls of enchant armour {unknown}
 I - 3 scrolls of fog {unknown}
 T - a scroll of torment {unknown}
 V - a scroll of silence {unknown}
Potions
 e - 2 potions of berserk rage
 g - 5 potions of curing
 h - a potion of ambrosia
 q - 3 potions of brilliance
 x - 2 potions of might
 z - a potion of cancellation
 A - 3 potions of heal wounds
 B - 3 potions of mutation
 P - 2 potions of haste
 S - a potion of flight
Books
 a - a book of the Sky

   Spells                             Type                      Level
   a - Summon Lightning Spire         Summoning/Air                4
   b - Silence                        Hexes/Air                    5
   c - Deflect Missiles               Charms/Air                   6
   d - Conjure Ball Lightning         Conjuration/Air              6
   e - Tornado                        Air                          9
   Trog disapproves of the use of such an item.
 b - a book of Misfortune

   Spells                             Type                      Level
   a - Confusing Touch                Hexes                        1
   b - Confuse                        Hexes                        3
   c - Gell's Gravitas                Translocation                3
   d - Petrify                        Transmutation/Earth          4
   e - Metabolic Englaciation         Hexes/Ice                    5
   f - Yara's Violent Unravelling     Hexes/Transmutation          5
   Trog disapproves of the use of such an item.
 n - a book of Conjurations

   Spells                             Type                      Level
   a - Magic Dart                     Conjuration                  1
   b - Searing Ray                    Conjuration                  2
   c - Dazzling Spray                 Conjuration/Hexes            3
   d - Fulminant Prism                Conjuration/Hexes            4
   e - Force Lance                    Conjuration/Translocation    4
   f - Iskenderun's Mystic Blast      Conjuration                  4
   Trog disapproves of the use of such an item.
 v - a book of Spatial Translocations

   Spells                             Type                      Level
   a - Blink                          Translocation                2
   b - Shroud of Golubria             Charms/Translocation         2
   c - Lesser Beckoning               Translocation                3
   d - Gell's Gravitas                Translocation                3
   e - Teleport Other                 Translocation                3
   f - Passage of Golubria            Translocation                4
   Trog disapproves of the use of such an item.
 G - a book of Transfigurations

   Spells                             Type                      Level
   a - Irradiate                      Conjuration/Transmutation    5
   b - Statue Form                    Transmutation/Earth          6
   c - Hydra Form                     Transmutation                6
   d - Dragon Form                    Transmutation                7
   Trog disapproves of the use of such an item.
 N - a book of Geomancy

   Spells                             Type                      Level
   a - Sandblast                      Earth                        1
   b - Passwall                       Transmutation/Earth          2
   c - Stone Arrow                    Conjuration/Earth            3
   d - Petrify                        Transmutation/Earth          4
   e - Lee's Rapid Deconstruction     Earth                        5
   Trog disapproves of the use of such an item.
 Q - a book of Clouds

   Spells                             Type                      Level
   a - Poisonous Vapours              Poison/Air                   2
   b - Mephitic Cloud                 Conjuration/Poison/Air       3
   c - Conjure Flame                  Conjuration/Fire             3
   d - Freezing Cloud                 Conjuration/Ice/Air          6
   e - Ring of Flames                 Charms/Fire                  7
   Trog disapproves of the use of such an item.
Miscellaneous
 X - a phantom mirror
 Y - a sack of spiders
Comestibles
 c - 24 rations


   Skills:
 + Level 13.0 Fighting
 * Level 15.7 Long Blades
 + Level 11.3 Armour
 + Level 11.9 Dodging


You had 12 spell levels left.
You didn't know any spells.

Dungeon Overview and Level Annotations

Branches:
Dungeon (11/15)            Temple (0/1) D:4            Lair (4/6) D:11
  Swamp (0/4) Lair:3       Spider (0/4) Lair:3          Orc (1/2) D:9

Altars:
Ashenzari
Dithmenos
Trog
Wu Jian
Zin
The Shining One

Shops:
D:8 }}   D:9 (   D:10 *

Annotations:
Lair:4 exclusion: oklob plant


Innate Abilities, Weirdness & Mutations

You reflexively headbutt those who attack you in melee.
You have a pair of horns on your head.


Message History

Trog accepts your kill.
You see here 26 gold pieces.
You slash the oklob plant! You freeze the oklob plant.
The oklob plant is lightly damaged.
The oklob plant spits acid at you. The splash of acid hits you!
* * * LOW HITPOINT WARNING * * *
The acid corrodes you!
You are splashed with acid!
The acid burns!
* * * LOW HITPOINT WARNING * * *
You hit the oklob plant but do no damage.
The oklob plant is lightly damaged.
Unknown command.
You hit the oklob plant but do no damage.
You headbutt the oklob plant!
The oklob plant is moderately damaged.
The oklob plant spits acid at you. The splash of acid hits you!
* * * LOW HITPOINT WARNING * * *
You are splashed with acid!
The acid burns!
You die...

## ## #.###.P....#
##...........
###..........$.
######..............
#.#...P.............
#.......[....P......
#..........PPP...... #
##.........P@PPP...
######...........[PPP...
.#.#...##......PPPP.P...
......#.#P....PPP.>PP(.
.P...#..........P$PP....
≈.....#.........PPP.....
≈....#..................
≈#.##...................
≈##.#..PP#.............


You could see an oklob plant.

Vanquished Creatures
  A minotaur (Lab)
  Snorg (D:11)
  Erolcha (D:11)
  A hydra (Lair:3)
  Harold (Lair:2)
  5 two-headed ogres
  Erica (D:8)
  A tengu warrior (D:9)
  2 unseen horrors (D:11)
  The ghost of Nanban the Covered, a novice HuWn of Vehumet (D:5)
  An oklob plant (Lair:4)
  A cyclops (D:11)
  2 black mambas
  Maurice (D:9)
  A smoke demon (Volcano)
  5 spiny frogs
  A kobold demonologist (D:11)
  2 red devils (Volcano)
  2 trolls
  Grinder (D:4)
  2 hippogriffs
  A vampire (D:9)
  A wraith (D:11)
  24 yaks
  2 basilisks (Lair:3)
  A vampire mosquito (D:9)
  2 hungry ghosts
  2 wargs (Orc:1)
  3 acid dragons
  3 water moccasins
  10 porcupines
  3 ice beasts
  A hell hound (Volcano)
  9 orc warriors
  6 sky beasts
  A necrophage (D:9)
  4 phantoms
  7 centaurs
  7 ogres
  3 crocodiles
  13 bullfrogs
  A wyvern skeleton (D:11)
  A gnoll sergeant (D:6)
  2 water moccasin zombies (Ossuary)
  3 scorpions
  3 killer bees (D:9)
  5 howler monkeys
  An electric eel (Lair:3)
  3 crimson imps
  2 hounds
  2 quasits
  2 centaur zombies (D:10)
  A bullfrog skeleton (D:7)
  A gnoll shaman (D:6)
  12 orc priests
  2 centaur skeletons
  2 jellies
  16 orc wizards
  3 iguanas
  13 worker ants
  5 big kobold zombies (Ossuary)
  A hound zombie (D:10)
  A hound skeleton (D:9)
  3 mummies
  A howler monkey zombie (D:9)
  Robin (D:2)
  3 worker ant zombies
  11 gnolls
  11 adders
  2 shadow imps
  An ooze (D:7)
  9 adder zombies
  2 dart slugs (D:1)
  4 leopard geckos
  35 orcs
  2 giant cockroaches
  3 gnoll zombies (Ossuary)
  11 goblins
  8 hobgoblins
  10 jackals
  13 kobolds
  5 quokkas
  8 bats
  6 frilled lizards
  3 hobgoblin zombies (Ossuary)
  3 kobold zombies (Ossuary)
  9 orc zombies (Ossuary)
  9 rats
392 creatures vanquished.

Vanquished Creatures (others)
  2 plants (Lair:4)
2 creatures vanquished.

Grand Total: 394 creatures vanquished

Notes
Turn   | Place    | Note
-------+----------+-------------------------------------------
     0 | D:1      | Inkary the Minotaur Berserker began the quest for the Orb.
     0 | D:1      | Reached XP level 1. HP: 19/19 MP: 0/0
    63 | D:1      | Reached skill level 4 in Long Blades
    67 | D:1      | Reached XP level 2. HP: 19/27 MP: 1/1
   189 | D:1      | Reached XP level 3. HP: 27/33 MP: 2/2
   259 | D:1      | Reached ** piety under Trog
   529 | D:2      | Found a glowing silver altar of Zin.
   529 | D:2      | Found an ornate altar of the Wu Jian Council.
   622 | D:2      | Found a shattered altar of Ashenzari.
   772 | D:2      | Reached XP level 4. HP: 22/40 MP: 3/3
   905 | D:2      | Found a shadowy altar of Dithmenos.
   924 | D:2      | Noticed Robin
   926 | D:2      | Reached skill level 5 in Long Blades
   932 | D:2      | Killed Robin
  1018 | D:2      | Noticed a sky beast
  1025 | D:2      | Killed a sky beast
  1025 | D:2      | Reached XP level 5. HP: 26/47 MP: 4/4
  1550 | D:3      | Reached skill level 6 in Long Blades
  2032 | D:3      | Reached skill level 5 in Fighting
  2276 | D:4      | Noticed Grinder
  2288 | D:4      | Killed Grinder
  2288 | D:4      | Reached XP level 6. HP: 51/56 MP: 5/5
  2433 | D:4      | Reached skill level 7 in Long Blades
  2483 | D:4      | Reached *** piety under Trog
  2815 | D:4      | Reached XP level 7. HP: 56/62 MP: 6/6
  2961 | D:4      | Found a staircase to the Ecumenical Temple.
  2994 | D:5      | Entered Level 5 of the Dungeon
  3074 | D:5      | Found a sand-covered staircase.
  3084 | Ossuary  | Entered an ossuary
  3134 | Ossuary  | Reached skill level 8 in Long Blades
  3134 | Ossuary  | Reached skill level 5 in Dodging
  3453 | Ossuary  | Reached **** piety under Trog
  3670 | D:5      | Reached XP level 8. HP: 68/71 MP: 7/7
  3846 | D:5      | Reached skill level 9 in Long Blades
  3912 | D:5      | Noticed Nanban's ghost (novice HuWn)
  3919 | D:5      | Killed Nanban's ghost
  3919 | D:5      | Reached skill level 10 in Long Blades
  4293 | D:6      | Found a glowing golden altar of the Shining One.
  4297 | D:6      | Reached XP level 9. HP: 72/81 MP: 8/8
  4972 | D:6      | Reached skill level 5 in Armour
  5298 | D:7      | Reached skill level 11 in Long Blades
  5500 | D:7      | Found a bloodstained altar of Trog.
  5762 | D:7      | Reached XP level 10. HP: 42/91 MP: 9/9
  6191 | D:7      | Reached ***** piety under Trog
  6332 | D:8      | Found Boquroc's Gadget Emporium.
  6489 | D:8      | Noticed a two-headed ogre
  6504 | D:8      | Killed a two-headed ogre
  6504 | D:8      | Reached skill level 10 in Fighting
  6787 | D:8      | Found Humpiruy's Gadget Shop.
  6796 | D:8      | Noticed a two-headed ogre
  6801 | D:8      | Killed a two-headed ogre
  6801 | D:8      | Reached skill level 12 in Long Blades
  6938 | D:8      | Noticed Erica
  6947 | D:8      | Killed Erica
  7257 | D:9      | Noticed a tengu warrior
  7269 | D:9      | Killed a tengu warrior
  7269 | D:9      | Reached XP level 11. HP: 101/101 MP: 10/10
  7666 | D:9      | Found Rycenluxt's Weapon Shoppe.
  7666 | D:9      | Found a staircase to the Orcish Mines.
  7729 | Orc:1    | Entered Level 1 of the Orcish Mines
  7932 | Orc:1    | Found a dark tunnel.
  7941 | Volcano  | Entered a volcano
  8054 | Volcano  | Reached skill level 10 in Dodging
  8084 | Volcano  | Noticed a hell knight
  8203 | D:9      | Received a gift from Trog
  8207 | D:9      | Got an ichor-stained triple sword {god gift}
  8209 | D:9      | Identified the +6 triple sword "Bome" {freeze, +Inv Str+2 Int+2 SInv} (Trog gifted it to you on level 9 of the Dungeon)
  8280 | D:9      | Noticed Maurice
  8287 | D:9      | Killed Maurice
  8589 | D:9      | Found a shadowy altar of Dithmenos.
  8787 | D:10     | Entered Level 10 of the Dungeon
  8971 | D:10     | Reached skill level 13 in Long Blades
  9207 | D:10     | Noticed a two-headed ogre
  9212 | D:10     | Killed a two-headed ogre
  9347 | D:10     | Found Cupu's Assorted Antiques.
  9352 | D:10     | Bought a smelly troll leather armour for 540 gold pieces
  9352 | D:10     | Bought a scroll of identify for 54 gold pieces
  9363 | D:10     | Identified the cursed +0 troll leather armour of the Imp {rPois Regen+} (You bought it in a shop on level 10 of the Dungeon)
  9369 | D:10     | Bought a peridot ring for 135 gold pieces
  9538 | D:10     | Noticed a two-headed ogre
  9543 | D:10     | Killed a two-headed ogre
  9885 | D:11     | Got a dull robe
  9896 | D:11     | Identified the cursed +0 robe "Xipoh" {*Corrode *Drain rElec rF+++} (You found it on level 11 of the Dungeon)
  9952 | D:11     | Noticed Erolcha
  9959 | D:11     | Killed Erolcha
  9959 | D:11     | Reached XP level 12. HP: 90/112 MP: 11/11
  9992 | D:11     | Noticed Snorg
 10001 | D:11     | Killed Snorg
 10001 | D:11     | Reached skill level 14 in Long Blades
 10001 | D:11     | Reached skill level 10 in Armour
 10289 | D:11     | Noticed a two-headed ogre
 10293 | D:11     | Killed a two-headed ogre
 10342 | D:11     | Found a staircase to the Lair.
 10358 | Lair:1   | Entered Level 1 of the Lair of Beasts
 10392 | Lair:1   | Found a labyrinth entrance.
 10406 | Lab      | Entered a labyrinth
 10454 | Lab      | Found an exit through the horrors of the Abyss.
 10879 | Lab      | Noticed a minotaur
 10884 | Lab      | Killed a minotaur
 10938 | Lair:1   | Found a shattered altar of Ashenzari.
 11153 | Lair:1   | Identified a scroll of acquirement
 11461 | Lair:2   | Reached skill level 15 in Long Blades
 11640 | Lair:2   | Noticed Harold
 11650 | Lair:2   | Killed Harold
 12252 | Lair:3   | Noticed a five-headed hydra
 12257 | Lair:3   | Killed a three-headed hydra
 12273 | Lair:3   | Found a hole to the Spider Nest.
 12324 | Lair:3   | Received a gift from Trog
 12454 | Lair:3   | Found a staircase to the Swamp.
 12599 | Lair:3   | Reached XP level 13. HP: 115/119 MP: 12/12
 12906 | Lair:4   | Splashed by an oklob plant's acid

Skill      XL: |  1  2  3  4  5  6  7  8  9 10 11 12 13 |
---------------+----------------------------------------+-----
Long Blades    | 4 5 6 7 8 10 11 12 13 15 | 15.7
Fighting       | 4 5 6 7 9 10 11 12 13 | 13.0
Dodging        | 3 4 5 6 8 9 10 11 | 11.9
Armour         | 3 6 8 9 11 | 11.3

Action                   |  1- 3 |  4- 6 |  7- 9 | 10-12 | 13-15 || total
-------------------------+-------+-------+-------+-------+-------++-------
Melee: Falchion          |    58 |    80 |   355 |    92 |       ||   585
       Headbutt          |       |    20 |   116 |   103 |     5 ||   244
       Scimitar          |       |       |       |   125 |       ||   125
       Triple sword      |       |       |       |   221 |    23 ||   244
       Great sword       |       |       |       |     3 |       ||     3
Invok: Berserk           |     1 |     3 |     4 |    11 |     1 ||    20
       Trog's Hand       |       |       |     3 |    11 |     1 ||    15
Evoke: Wand              |       |       |       |     3 |       ||     3
  Use: Scroll            |       |       |     6 |    19 |       ||    25
 Stab: Distracted        |     1 |     1 |       |       |       ||     2
  Eat: Chunk             |     1 |     5 |    17 |    27 |     1 ||    51
       Ration            |       |     1 |       |     3 |       ||     4
Armor: Animal skin       |    10 |     8 |       |       |       ||    18
       Ring mail         |       |     5 |    76 |    52 |       ||   133
       Chain mail        |       |       |       |    41 |       ||    41
       Troll leather arm |       |       |       |    18 |     2 ||    20
Dodge: Dodged            |    53 |    44 |   204 |   308 |    13 ||   622
       Rpst.: Falchion   |    12 |    19 |    48 |    17 |       ||    96
       Scimitar          |       |       |       |    13 |       ||    13
       Triple sword      |       |       |       |    40 |       ||    40
       Great sword       |       |       |       |     1 |       ||     1
